 Dungeon Crawl Stone Soup version 0.30-a0-808-g6e0788376e (webtiles) character file.

Game seed: 9534089475145512728

86 Airmonger the Chopper (level 4, -2/35 HPs)
             Began as a Demonspawn Fighter on Feb 26, 2023.
             Slain by Crazy Yiuf
             ... wielding a +4 quarterstaff of chaos
              (6 damage)
             ... on level 2 of the Dungeon.
             The game lasted 00:01:31 (1691 turns).

Airmonger the Chopper (Demonspawn Fighter)          Turns: 1691, Time: 00:01:33

Health: -2/35      AC:  6    Str: 19    XL:     4   Next: 27%
Magic:  4/4        EV: 14    Int:  9    God:
Gold:   49         SH:  4    Dex: 12    Spells: 3/3 levels left

rFire   . . .      SeeInvis .    a - +0 war axe
rCold   . . .      Faith    .    c - +0 buckler
rNeg    . . .      Spirit   .    b - +0 scale mail
rPois   .          Reflect  .    (no helmet)
rElec   .          Harm     .    (no cloak)
rCorr   .          Rampage  .    (no gloves)
Will    .....                    (no boots) Stlth
                                 r - amulet of regeneration
HPRegen 1.05/turn                (no ring)
MPRegen 0.09/turn                (no ring)

@: agile, lethally poisoned (-2 -> -3)
A: powered by death 1, powered by pain 1
a: no special abilities


You were on level 2 of the Dungeon.
You visited 1 branch of the dungeon, and saw 2 of its levels.

You collected 49 gold pieces.

Inventory:

Hand Weapons
 a - a +0 war axe (weapon)
Armour
 b - a +0 scale mail (worn)
 c - a +0 buckler (worn)
Jewellery
 r - an amulet of regeneration (around neck)
Scrolls
 e - 2 scrolls of magic mapping {unknown}
 f - a scroll of fog {unknown}
 g - a scroll of enchant armour {unknown}
 h - a scroll of poison {unknown}
 i - 5 scrolls of identify {unknown}
 j - a scroll of amnesia {unknown}
 k - a scroll of vulnerability {unknown}
 m - a scroll of silence {unknown}
 q - a scroll of immolation {unknown}
 s - 2 scrolls of blinking {unknown}
Potions
 d - a potion of might
 l - a potion of degeneration {unknown}
 n - a potion of attraction {unknown}
 o - a potion of magic {unknown}
 p - a potion of brilliance {unknown}
 t - a potion of mutation {unknown}
 u - a potion of invisibility {unknown}


   Skills:
 - Level 3.0 Fighting
 + Level 4.2 Axes
 - Level 2.6 Armour
 - Level 2.6 Shields


You had 3 spell levels left.
You didn't know any spells.
Your spell library was empty.

Dungeon Overview and Level Annotations

Branches:
Dungeon (2/15)

Altars:

Annotations:
D:2 Crazy Yiuf


Innate Abilities, Weirdness & Mutations

You regenerate a little health from kills.
You sometimes gain a little power by taking damage.


Message History

No target in view!
No target in view!
No target in view!
No target in view!
No target in view!
No target in view!
You see here a +0 club.
Crazy Yiuf shouts!
Crazy Yiuf whimpers, "Prologue!"
Could not explore, unopened runed door.
Could not explore, unopened runed door.
Could not explore, unopened runed door.
No reachable target in view!
You open the door. You slash Crazy Yiuf!
Crazy Yiuf is heavily wounded.
Crazy Yiuf closely misses you.
You barely miss Crazy Yiuf.
Crazy Yiuf is heavily wounded.
Crazy Yiuf hits you with a +4 quarterstaff of chaos!
You focus on the pain.
You feel agile all of a sudden.
You are poisoned.
You hit Crazy Yiuf.
Crazy Yiuf is severely wounded.
You feel very sick.
Crazy Yiuf hits you with a +4 quarterstaff of chaos!
Crazy Yiuf freezes you.
* * * LOW HITPOINT WARNING * * *
You block Crazy Yiuf's attack.
You closely miss Crazy Yiuf.
Crazy Yiuf is severely wounded.
You feel sick. Crazy Yiuf barely misses you.
You barely miss Crazy Yiuf.
Crazy Yiuf is severely wounded.
You feel sick.
Crazy Yiuf hits you with a +4 quarterstaff of chaos.
* * * LOW HITPOINT WARNING * * *
You convulse.
You die...

#<###......###....####.#.#.#.#
..# #..##### ##..## #.#.#...#
#.###.## ♣....♣ #.#.##..#
#.....###### ♣...♣♣ #.#.##..#
...........# ♣♣.♣♣ #.#.##..#
###........# ♣.♣♣ #(..##..#
#.#.###.## ♣♣.♣ #.####..####
#.#.##.#.# ♣.♣♣ ### #......
#.#.#.#### ♣♣@♣ #.#####
#.#..## #g# ######.# #.#.##
... #...##.# ### #.#..## #...#
###.##.# #># ###.#.#.####
#..)# #.##.# #.# .......(.#.#
##### #.##.# #.# ###........#
#.##.# #.' .########.## ###
#....# #.# #.## #.# #.# ####.#
#.#


You could see Crazy Yiuf.

Vanquished Creatures
  4 adders (D:2)
  4 dart slugs
  4 endoplasms
  2 giant cockroaches (D:2)
  A goblin (D:2)
  4 hobgoblins
  2 jackals (D:2)
  A quokka (D:1)
  5 ball pythons
  5 frilled lizards
  4 kobolds (D:2)
  6 rats
42 creatures vanquished.

Notes
Turn   | Place    | Note
-------+----------+-------------------------------------------
     0 | D:1      | Airmonger the Demonspawn Fighter began the quest for the
                  | Orb.
     0 | D:1      | Reached XP level 1. HP: 18/18 MP: 1/1
   217 | D:1      | Reached skill level 2 in Axes
   315 | D:1      | Gained mutation: You regenerate a little health from kills.
                  | [demonic ancestry]
   315 | D:1      | Reached XP level 2. HP: 20/24 MP: 2/2
   751 | D:2      | Reached skill level 3 in Axes
   870 | D:2      | Gained mutation: You sometimes gain a little power by
                  | taking damage. [demonic ancestry]
   870 | D:2      | Reached XP level 3. HP: 28/29 MP: 3/3
  1277 | D:2      | Found a runed translucent door.
  1278 | D:2      | Noticed Crazy Yiuf
  1417 | D:2      | Reached skill level 4 in Axes
  1417 | D:2      | Reached XP level 4. HP: 35/35 MP: 4/4
  1691 | D:2      | Slain by Crazy Yiuf

Illustrated notes

Levels and vault maps discovered:
D:1:      tarquinn_simple_flora_water_d, layout_basic
D:2:      layout_loops_ring, chequers_avenue, grunt_ministairs_4,
          kennysheep_potato, uniq_crazy_yiuf_cottage

Skill      XL: |  1  2  3 |
---------------+----------+-----
Axes           | 2 3 4 |  4.2
Fighting       | |  3.0
Armour         | |  2.6
Shields        | |  2.6

Action                     |  1- 3 |  4- 6 || total
---------------------------+-------+-------++-------
  Melee: War axe           |    78 |    25 ||   103
 Armour: Scale mail        |    29 |     7 ||    36
  Dodge: Dodged            |    25 |    16 ||    41
  Block: Buckler           |    23 |     5 ||    28

Table legend: (Time is in decaauts)
 A = Elapsed time spent in this place.
 B = Non-inter-level travel time spent in this place.
 C = Inter-level travel time spent in this place.
 D = Time resting spent in this place.
 E = Time spent auto-exploring this place.
 F = Levels seen in this place.
 G = Mean time per level.
                   A        B        C        D        E       F      G
               +--------+--------+--------+--------+--------+-----+--------+
         Total |   1729 |   1719 |     10 |      0 |   1435 |   2 |  864.5 |
       Dungeon |   1729 |   1719 |     10 |      0 |   1435 |   2 |  864.5 |
               +--------+--------+--------+--------+--------+-----+--------+

Top non-repeatable levels by time:
     D:2: 973 daAuts
     D:1: 755 daAuts
